 Dungeon Crawl Stone Soup version 0.27-a0-1381-g81fdcbfb23 (webtiles) character file.

Game seed: 2159347232309795855

95 Kinoniko the Chopper (level 4, 0/37 HPs)
             Began as a Palentonga Berserker on June 30, 2021.
             Was a Believer of Trog.
             Killed by divine providence
             ... invoked by an orc priest
              (9 damage)
             ... on level 2 of the Dungeon.
             The game lasted 00:02:07 (1895 turns).

Kinoniko the Chopper (Palentonga Berserker)         Turns: 1895, Time: 00:02:07

Health: 0/37       AC: 12    Str: 20    XL:     4   Next: 40%
Magic:  4/4        EV:  5    Int:  8    God:    Trog [**....]
Gold:   48         SH:  0    Dex: 10    Spells: 3/3 levels left

rFire    . . .     SeeInvis +   a - +0 hand axe
rCold    . . .     Faith    .   (no shield)
rNeg     . . .     Spirit   .   c - +0 chain mail
rPois    .         Reflect  .   (no helmet)
rElec    .         Harm     .   h - +0 cloak {Stlth+}
rCorr    .         Rampage  .   (no gloves)
Will     .....                  (no barding)
Stlth    ..........             (no amulet)
HPRegen  0.12/turn              g - +4 ring of protection
MPRegen  0.09/turn              (no ring)

@: on berserk cooldown
A: large, rugged brown scales 3, see invisible, deformed body, roll 1, armoured
tail
a: Rolling Charge, Renounce Religion, Berserk, Trog's Hand


You were on level 2 of the Dungeon.
You worshipped Trog.
Trog was pleased with you.
You visited 1 branch of the dungeon, and saw 2 of its levels.

You collected 48 gold pieces.

Inventory:

Hand Weapons
 a - a +0 hand axe (weapon)
Armour
 b - a +0 animal skin
 c - a +0 chain mail (worn)
 h - a +0 cloak of stealth (worn)
Jewellery
 g - a +4 ring of protection (left hand)
Scrolls
 d - a scroll of immolation {unknown}
 f - a scroll of enchant armour {unknown}
 j - a scroll of identify {unknown}
Potions
 e - a potion of cancellation


   Skills:
 - Level 3.0 Fighting
 * Level 5.2 Axes
 - Level 1.5 Armour
 - Level 1.5 Dodging


You had 3 spell levels left.
You didn't know any spells.
Your spell library was empty.

Dungeon Overview and Level Annotations

Branches:
Dungeon (2/15)

Altars:
Sif Muna


Innate Abilities, Weirdness & Mutations

You are completely covered in rugged brown scales. (AC +3, +7% HP)
You have supernaturally acute eyesight. (SInv)
Armour fits poorly on your strangely shaped body.
You can roll at nearby foes to attack.
You have a long armoured tail.


Message History

* * * LOW HITPOINT WARNING * * *
The orc wizard casts a spell at you. The puff of flame hits you.
* * * LOW HITPOINT WARNING * * *
The orc closely misses you.
It was a potion of cancellation.
Your magical effects are unravelling.
You feel magically purged.
You feel yourself speed up.
You feel less confused.
The orc wizard hits you with a +0 dagger.
* * * LOW HITPOINT WARNING * * *
The orc barely misses you.
The orc wizard hits you but does no damage.
It was a potion of curing.
You feel better. The orc hits you but does no damage.
The orc wizard hits you but does no damage.
You hit the orc wizard but do no damage.
The orc wizard is severely wounded.
You closely miss the orc. The orc hits you but does no damage.
The orc wizard hits you but does no damage.
You hit the orc wizard.
You kill the orc wizard!
Trog accepts your kill.
Trog appreciates your killing of a magic user.
You hit the orc but do no damage.
The orc hits you with a +2 trident of freezing.
* * * LOW HITPOINT WARNING * * *
The orc freezes you.
* * * LOW HITPOINT WARNING * * *
You hit the orc.
Your tail-slap misses the orc.
The orc is almost dead.
You completely miss the orc.
Your tail-slap misses the orc.
The orc is lightly wounded.
You hit the orc.
You kill the orc!
Trog accepts your kill. The orc hits you but does no damage.
The orc priest calls down the wrath of Beogh upon you.
Beogh smites you!
You die...

.....#..'.....'.. ......#
#.##.####.....########...#
#.##. #.....##....###### #
#. #.)...##....#
....##.####.)...##....####
...>'.÷)..............'...
....##.###...#####....####
. #. #...#####....#### #.
#...#@).........# #.
#...#o#########.. #>
#....o.......# . #.
####...≈...≈.. #.
#......o... #..........
#.......o.. ##..≈...≈..
#........#


You could see an orc priest and an orc.

Vanquished Creatures
  2 orc wizards (D:2)
  A worm (D:2)
  3 orcs (D:2)
  7 ball pythons
  3 bats (D:1)
  3 endoplasms
  3 goblins (D:1)
  A hobgoblin (D:2)
  3 jackals (D:1)
  4 frilled lizards
  8 kobolds
  5 rats (D:1)
43 creatures vanquished.

Notes
Turn   | Place    | Note
-------+----------+-------------------------------------------
     0 | D:1      | Kinoniko the Palentonga Berserker began the quest for the
                  | Orb.
     0 | D:1      | Reached XP level 1. HP: 19/19 MP: 1/1
   531 | D:1      | Reached XP level 2. HP: 23/25 MP: 2/2
   789 | D:1      | Reached skill level 4 in Axes
  1419 | D:2      | Reached XP level 3. HP: 31/31 MP: 3/3
  1483 | D:2      | Found a shimmering blue altar of Sif Muna.
  1491 | D:2      | Reached ** piety under Trog
  1879 | D:2      | Reached XP level 4. HP: 25/37 MP: 4/4
  1880 | D:2      | Reached skill level 5 in Axes
  1895 | D:2      | Killed from afar by an orc priest

Illustrated notes

Levels and vault maps discovered:
D:1:      amcnicky_arrival_abandoned_market, layout_loops_corners,
          minmay_tetromino_s4
D:2:      cheibrodos_pilgrimage, layout_basic, basic_altar

Skill      XL: |  1  2  3  4 |
---------------+-------------+-----
Axes           | 4 5 |  5.2
Fighting       | |  3.0
Armour         | |  1.5
Dodging        | |  1.5

Action                   |  1- 3 |  4- 6 || total
-------------------------+-------+-------++-------
Melee: Hand axe          |   128 |    10 ||   138
       Tailslap          |     8 |     1 ||     9
Invok: Berserk           |     3 |       ||     3
  Use: Potion            |       |     2 ||     2
 Stab: Sleeping          |     3 |       ||     3
Armor: Animal skin       |    41 |       ||    41
       Chain mail        |    28 |    14 ||    42
Dodge: Dodged            |    69 |     6 ||    75

Table legend: (Time is in decaauts)
 A = Elapsed time spent in this place.
 B = Non-inter-level travel time spent in this place.
 C = Inter-level travel time spent in this place.
 D = Time resting spent in this place.
 E = Time spent auto-exploring this place.
 F = Levels seen in this place.
 G = Mean time per level.
                   A        B        C        D        E       F      G
               +--------+--------+--------+--------+--------+-----+--------+
         Total |   1932 |   1908 |     24 |    462 |   1122 |   2 |  966.0 |
       Dungeon |   1932 |   1908 |     24 |    462 |   1122 |   2 |  966.0 |
               +--------+--------+--------+--------+--------+-----+--------+

Top non-repeatable levels by time:
     D:1: 1423 daAuts
     D:2: 509 daAuts
